Map: Terraform LE (Void)

Players

NinjaNight - Winner!

  • Race: Protoss Protoss
  • League: Master

TatyGG

  • Race: Protoss Protoss
  • League: Silver

Event: Lycan League Weekly August #2

VOD

Have the link to the VOD?

Description

Time

  • Played on: Aug. 10, 2015, 12:19 p.m.
  • Length: 6:54

All games in this series

Show
View Real Time Build Order
Export as new Build Order

NinjaNight Protoss - Winner!

Build Orders:  

Get SALT Encoding   

  12  0:10  Pylon  
  12  0:14  Probe  
  13  0:28  Gateway  
  13  0:32  Probe (Chrono Boost)  
  14  0:42  Probe (Chrono Boost)  
  15  0:45  Assimilator  
  15  0:49  Probe  
  16  0:59  Gateway  
  16  1:03  Probe (Chrono Boost)  
  17  1:14  Probe (Chrono Boost)  
  18  1:20  Cybernetics Core  
  18  1:24  Probe  
  19  1:35  Pylon  
  19  1:38  Probe  
  20  1:49  Assimilator  
  20  1:57  Adept x2  
  20  2:00  Warp Gate (Chrono Boost)  
  24  2:04  Probe  
  25  2:21  Mothership Core  
  27  2:28  Pylon  
  27  2:42  Probe  
  28  2:53  Stargate  
  28  2:54  Probe, Gateway  
  29  3:08  Probe  
  28  3:22  Probe  
  29  3:33  Forge  
  29  3:37  Gateway  
  33  3:45  Pylon  
  31  4:08  Photon Cannon  
  27  4:11  Pylon  
  27  4:13  Stalker  
  27  4:14  Stalker x2  
  33  4:32  Stalker  
  33  4:33  Stalker  
  33  4:34  Stalker  
  33  4:37  Stalker  
  41  4:49  Twilight Council  
  41  5:02  Stalker  
  41  5:03  Stalker  
  45  5:09  Adept  
  47  5:15  Pylon  
  45  5:24  Stalker  
  47  5:35  Adept x2  
  47  5:36  Adept  
  49  6:05  Adept x4  
  57  6:13  Pylon  
  57  6:27  Adept x2  
Show
View Real Time Build Order
Export as new Build Order

TatyGG Protoss 

Build Orders: Phoenix Opening 

Get SALT Encoding   

  12  0:01  Probe  
  13  0:15  Pylon  
  13  0:19  Probe  
  14  0:33  Probe (Chrono Boost)  
  15  0:37  Gateway  
  16  0:43  Probe (Chrono Boost)  
  16  0:50  Probe, Assimilator  
  17  1:06  Gateway  
  17  1:09  Probe  
  18  1:16  Pylon  
  18  1:21  Probe  
  19  1:30  Cybernetics Core  
  19  1:33  Probe  
  20  1:42  Zealot  
  22  1:48  Assimilator  
  22  1:54  Zealot  
  22  1:56  Probe (Chrono Boost)  
  25  2:08  Probe (Chrono Boost)  
  26  2:09  Warp Gate (Chrono Boost)  
  26  2:10  Adept  
  28  2:20  Pylon  
  28  2:22  Sentry  
  30  2:45  Stargate  
  30  2:49  Gateway  
  30  3:04  Zealot x2  
  27  3:35  Phoenix (Chrono Boost)  
  27  3:38  Mothership Core  
  31  3:45  Gateway  
  31  3:52  Phoenix (Chrono Boost)  
  34  4:17  Phoenix (Chrono Boost)  
  34  4:28  Probe (Chrono Boost)  
  35  4:38  Probe (Chrono Boost)  
  36  4:45  Probe  
  37  4:49  Pylon  
  37  4:51  Pylon  
  37  4:57  Probe  
  38  5:09  Probe  
  39  5:20  Phoenix  
  39  5:26  Pylon  
  39  5:28  Sentry  
  39  5:29  Pylon  
  39  5:40  Sentry, Zealot  
  43  5:44  Sentry  
  35  6:03  Adept x2  
  27  6:22  Zealot  
  27  6:24  Zealot  
  27  6:49  Pylon  

Tags
 
Add a new tag
Caveats
  • Supply blocks, unpowered buildings, or Contaminate may cause inaccurate times.
  • Supply counts are checked every 10 seconds.